 Dungeon Crawl Stone Soup version 0.19.1-1-g22dce08 (webtiles) character file.

627 dngmouse the Magician (level 7, -5/36 HPs)
             Began as a Deep Elf Wizard on Jan 19, 2017.
             Was an Initiate of Vehumet.
             Engulfed by a cloud of flame (26 damage)
             ... on level 4 of the Dungeon.
             The game lasted 00:16:31 (3947 turns).

dngmouse the Magician (Deep Elf Wizard)             Turns: 3947, Time: 00:16:31

Health: -5/36      AC:  3    Str:  6    XL:     7   Next: 23%
Magic:  20/20      EV: 13    Int: 25    God:    Vehumet [......]
Gold:   185        SH:  0    Dex: 13    Spells: 5 memorised, 10 levels left

rFire  . . .     SeeInvis .     g - +0 short sword
rCold  . . .     Gourm    .     a - +0 robe
rNeg   . . .     Faith    .     (no shield)
rPois  .         Spirit   .     b - +0 hat
rElec  .         Reflect  .     (no cloak)
rCorr  .         Harm     .     u - +0 pair of gloves
MR     .....                    (no boots)
Stlth  ++........               (no amulet)
                                (no ring)
                                j - +2 ring of strength

@: repel missiles
A: no striking features
a: Renounce Religion


You were on level 4 of the Dungeon.
You worshipped Vehumet.
Vehumet was noncommittal.
You were not hungry.

You visited 1 branch of the dungeon, and saw 4 of its levels.

You collected 185 gold pieces.

Inventory:

Hand Weapons
 g - a +0 short sword (weapon)
 y - a +0 spear of freezing
Armour
 a - a +0 robe (worn)
 b - a +0 hat (worn)
 u - a +0 pair of gloves (worn)
Jewellery
 j - a +2 ring of strength (left hand)
Wands
 F - a wand of disintegration (8/24)
Scrolls
 i - a scroll of magic mapping {unknown}
 k - a scroll of blinking {unknown}
 l - 3 scrolls of identify {unknown}
 n - 2 scrolls of immolation {unknown}
 o - a scroll of remove curse {unknown}
 p - a scroll of noise {unknown}
 q - 3 scrolls of recharging {unknown}
 s - a scroll of enchant armour {unknown}
 w - a scroll of random uselessness {unknown}
 E - a scroll of enchant weapon {unknown}
Potions
 e - 2 potions of magic
 f - 5 potions of lignification {unknown}
 h - a potion of brilliance {unknown}
 m - a potion of cure mutation {unknown}
 t - 3 potions of curing {unknown}
 v - a potion of flight {unknown}
 x - a potion of invisibility {unknown}
 A - a potion of heal wounds {unknown}
Books
 c - a book of Minor Magic

   Spells                             Type                      Level
   a - Magic Dart                     Conjuration                  1
   b - Blink                          Translocation                2
   c - Call Imp                       Summoning                    2
   d - Repel Missiles                 Charms/Air                   2
   e - Slow                           Hexes                        2
   f - Conjure Flame                  Conjuration/Fire             3
   g - Mephitic Cloud                 Conjuration/Poison/Air       3
Comestibles
 d - 2 bread rations
 r - a slice of pizza
 B - 4 beef jerkies
 C - 4 fruits
 D - a meat ration


   Skills:
 - Level 2.4 Dodging
 - Level 2.4 Stealth
 * Level 7.9 Spellcasting
 + Level 4.2 Conjurations
   Level 1.1 Summonings
 - Level 2.1 Translocations
 + Level 2.9 Fire Magic
 + Level 2.6 Air Magic


You had 10 spell levels left.
You knew the following spells:

 Your Spells              Type           Power        Failure   Level  Hunger
a - Magic Dart            Conj           ####         1%          1    None
b - Blink                 Tloc           N/A          4%          2    None
c - Conjure Flame         Conj/Fire      ####....     4%          3    None
d - Mephitic Cloud        Conj/Pois/Air  ###.....     10%         3    None
e - Repel Missiles        Chrm/Air       ###...       8%          2    None


Dungeon Overview and Level Annotations

Branches:
Dungeon (4/15)
 Temple: D:4-7

Altars:
Qazlal
Ru
Vehumet


Message History

Stopped running for exclusion.
Really walk into that cloud of flame?
Okay, then.
You are engulfed in roaring flames.
Ouch! That really hurt!
You start resting.
All of the chunks of flesh in your inventory have rotted away.
HP restored.
Put on which piece of jewellery? (? for menu, Esc to quit)
Okay, then.
Things that are here:
a whip; a robe; a spear Really walk into a travel-excluded area?
You are engulfed in roaring flames.
There is a radiant altar of Vehumet here.
You kneel at the altar of Vehumet.
Vehumet welcomes you!
You are engulfed in roaring flames.
Ouch! That really hurt!
You die...

##.##.#######.
########.##........
......<..#########.
#######..# ########
#..######..§...#
#..........§§§.#
#.#### #..._§§# #.#
#.§§)§.###
#####.#######.@...§..#
#.........)......###.#
#.###.#######...## ..
#.# ###.# ## #.# #.#
#.## #.# #..# #.#
##..####.##### $#
#............#


There were no monsters in sight!

Vanquished Creatures
  Grinder (D:4)
  An ogre (D:4)
  A bullfrog (D:3)
  A hound (D:3)
  A gnoll shaman (D:4)
  An orc wizard (D:3)
  An orc priest (D:3)
  Terence (D:3)
  2 gnolls (D:4)
  2 adders
  An ooze (D:1)
  4 worms
  3 dart slugs
  A leopard gecko (D:2)
  7 orcs
  7 bats
  3 giant cockroaches
  5 goblins
  11 hobgoblins
  6 jackals (D:3)
  3 ball pythons
  4 frilled lizards
  9 kobolds
  A leopard gecko skeleton (D:4)
  4 rats
81 creatures vanquished.

Vanquished Creatures (others)
  2 gnolls (D:4)
2 creatures vanquished.

Grand Total: 83 creatures vanquished

Notes
Turn   | Place    | Note
-------+----------+-------------------------------------------
     0 | D:1      | dngmouse the Deep Elf Wizard began the quest for the Orb.
     0 | D:1      | Reached XP level 1. HP: 10/10 MP: 7/7
   210 | D:1      | Reached XP level 2. HP: 6/15 MP: 1/9
   214 | D:1      | Learned a level 2 spell: Blink
   911 | D:1      | Reached XP level 3. HP: 19/19 MP: 8/11
  1442 | D:2      | Reached skill level 5 in Spellcasting
  1450 | D:2      | Learned a level 3 spell: Conjure Flame
  1454 | D:2      | Learned a level 3 spell: Mephitic Cloud
  1563 | D:2      | You fall through a shaft for 2 floors!
  1587 | D:3      | Reached XP level 4. HP: 11/24 MP: 1/13
  1603 | D:3      | HP: 1/24 [orc/hand axe (8)]
  2076 | D:2      | Found a sacrificial altar of Ru.
  2300 | D:3      | Noticed an air elemental
  2312 | D:3      | Found a stormy altar of Qazlal.
  2314 | D:3      | Noticed an earth elemental
  2318 | D:3      | Noticed a fire elemental
  2361 | D:3      | Found a faded altar of an unknown god.
  2367 | D:3      | Noticed a water elemental
  2437 | D:3      | Noticed Terence
  2600 | D:3      | Noticed a bullfrog
  2605 | D:3      | Killed Terence
  2605 | D:3      | Reached skill level 6 in Spellcasting
  2605 | D:3      | Reached skill level 1 in Fire Magic
  2605 | D:3      | Reached XP level 5. HP: 25/28 MP: 3/15
  2614 | D:3      | Reached skill level 1 in Air Magic
  3032 | D:3      | Reached XP level 6. HP: 25/32 MP: 7/17
  3234 | D:4      | Noticed Grinder
  3452 | D:4      | Reached skill level 7 in Spellcasting
  3464 | D:4      | Paralysed by Grinder for 4 turns
  3469 | D:4      | Killed Grinder
  3469 | D:4      | Reached XP level 7. HP: 26/36 MP: 16/20
  3506 | D:4      | Learned a level 2 spell: Repel Missiles
  3673 | D:4      | Found a radiant altar of Vehumet.
  3944 | D:4      | Became a worshipper of Vehumet
  3947 | D:4      | Engulfed by a cloud of flame

Skill      XL: |  1  2  3  4  5  6 |
---------------+-------------------+-----
Conjurations   | 2 3 4 |  4.2
Spellcasting   | 5 6 7 |  7.9
Translocations | 2 |  2.1
Fire Magic     | 1 2 |  2.9
Air Magic      | 1 2 |  2.6
Dodging        | |  2.4
Stealth        | |  2.4
Summonings     | |  1.1

Action                   |  1- 3 |  4- 6 |  7- 9 || total
-------------------------+-------+-------+-------++-------
Melee: Unarmed           |     1 |       |       ||     1
       Short sword       |     1 |    27 |       ||    28
 Cast: Magic Dart        |   104 |   110 |    16 ||   230
       Mephitic Cloud    |       |     5 |     2 ||     7
       Blink             |       |     3 |       ||     3
       Conjure Flame     |       |     5 |     2 ||     7
       Repel Missiles    |       |       |     1 ||     1
  Use: Potion            |       |     1 |       ||     1
 Stab: Confused          |       |     1 |       ||     1
  Eat: Chunk             |     2 |     5 |     2 ||     9
Armor: Robe              |     1 |     6 |       ||     7
Dodge: Dodged            |    18 |    34 |       ||    52
